 Dungeon Crawl Stone Soup version 0.25-a0-302-g9f758675c1 (webtiles) character file.

Game seed: 245887030125037995, levelgen mode: deterministic

53 Glalom the Digger (level 3, 0/19 HPs)
             Began as a Gargoyle Earth Elementalist on Dec 20, 2019.
             Slain by a worker ant (5 damage)
             ... on level 2 of the Dungeon.
             The game lasted 00:05:19 (2473 turns).

Glalom the Digger (Gargoyle Earth Elementalist)     Turns: 2473, Time: 00:05:19

Health: 0/19       AC:  6    Str: 11    XL:     3   Next: 89%
Magic:  6/6        EV: 12    Int: 16    God:
Gold:   76         SH:  0    Dex: 10    Spells: 2/6 levels left

rFire    . . .     SeeInvis .   q - +0 whip
rCold    . . .     Gourm    .   (no shield)
rNeg     + . .     Faith    .   c - +0 robe
rPois    ∞         Spirit   .   (no helmet)
rElec    +         Reflect  .   (no cloak)
rCorr    .         Harm     .   (no gloves)
MR       .....                  m - +0 pair of boots
Stlth    ++........             (no amulet)
HPRegen  0.06/turn              (no ring)
MPRegen  0.10/turn              (no ring)

@: no status effects
A: negative energy resistance 1, electricity resistance, unbreathing,
petrification resistance, rot immunity, AC +3
a: no special abilities


You were on level 2 of the Dungeon.
You were hungry.

You visited 1 branch of the dungeon, and saw 2 of its levels.

You collected 76 gold pieces.

Inventory:

Hand Weapons
 q - a +0 whip (weapon)
 t - a +0 hunting sling
Missiles
 f - 30 poisoned darts (quivered)
 v - 12 sling bullets
Armour
 c - a +0 robe (worn)
 k - a -1 buckler
 m - a +0 pair of boots (worn)
Jewellery
 i - an uncursed ring of protection from fire {unknown}
 l - an uncursed ring of stealth {unknown}
Scrolls
 a - 2 scrolls of remove curse
 j - 2 scrolls of identify {unknown}
 n - 3 scrolls of teleportation
 s - 2 scrolls of fear
 u - a scroll of immolation {unknown}
 w - a scroll of blinking {unknown}
Potions
 e - a potion of mutation {unknown}
 g - 2 potions of agility {unknown}
 h - 2 potions of brilliance {unknown}
 o - a potion of cancellation {unknown}
 p - a potion of ambrosia {unknown}
 r - a potion of flight {unknown}
 x - 2 potions of degeneration {unknown}
Comestibles
 d - a ration


   Skills:
 - Level 1.5 Dodging
 - Level 2.1 Stealth
 - Level 2.0 Spellcasting
 + Level 1.3 Conjurations
   Level 0.7 Transmutations
 + Level 5.3 Earth Magic


You had 2 spell levels left.
You knew the following spells:

 Your Spells              Type           Power        Failure   Level  Hunger
a - Sandblast             Erth           ###...       2%          1    #......
b - Stone Arrow           Conj/Erth      ##....       16%         3    ###....

Your spell library contained the following spells:

 Spells                   Type           Power        Failure   Level  Hunger
 Passwall                 Tmut/Erth      ##......     9%          2    ###....
 Petrify                  Tmut/Erth      ##......     52%         4    #####..
 Lee's Rapid Deconstruct  Erth           ###.......   54%         5    ######.


Dungeon Overview and Level Annotations

Branches:
Dungeon (2/15)

Altars:
Yredelemnul

Annotations:
D:2 1 runed translucent door


Innate Abilities, Weirdness & Mutations

You are resistant to torment.
Your stone body is resilient. (AC +3)
You are immune to poison.
You resist negative energy. (rN+)
You are resistant to electric shocks. (rElec)
You can survive without breathing.
You are immune to petrification.
You are immune to rotting.


Message History

The worker ant closely misses you. The worker ant completely misses you.
You hit the worker ant.
The worker ant is moderately wounded.
The worker ant bites you.
You hit the worker ant.
The worker ant is moderately wounded.
The worker ant bites you.
You hit the worker ant but do no damage.
The worker ant is moderately wounded.
The worker ant bites you but does no damage. x2
You closely miss the worker ant.
The worker ant is moderately wounded.
The worker ant barely misses you.
You hit the worker ant but do no damage.
The worker ant is moderately wounded.
The worker ant bites you.
* * * LOW HITPOINT WARNING * * *
You are feeling hungry.
The worker ant bites you.
You die...

#######.#
#[#.##÷#.............#.
#.###.#.##.#...............
#.....#.##.#########..#####
#######.##...............#
#.################.# #.#
#....<... # #.# #.# #.###a#
#...@.# #.##### ###


You could see a worker ant.

Vanquished Creatures
  An adder (D:2)
  An ooze (D:2)
  A dart slug (D:1)
  A leopard gecko (D:2)
  2 ball pythons
  A giant cockroach (D:1)
  7 goblins
  4 hobgoblins
  4 jackals (D:2)
  5 bats
  2 kobolds (D:1)
  5 rats
34 creatures vanquished.

Notes
Turn   | Place    | Note
-------+----------+-------------------------------------------
     0 | D:1      | Glalom the Gargoyle Earth Elementalist began the quest for
                  | the Orb.
     0 | D:1      | Reached XP level 1. HP: 10/10 MP: 3/3
    74 | D:1      | Reached skill level 4 in Earth Magic
   129 | D:1      | Reached XP level 2. HP: 14/15 MP: 0/5
  1311 | D:2      | Reached XP level 3. HP: 19/19 MP: 6/6
  1334 | D:2      | Learned a level 3 spell: Stone Arrow
  1335 | D:2      | Reached skill level 5 in Earth Magic
  1877 | D:2      | Noticed a human
  1878 | D:2      | Found a runed translucent door.
  1883 | D:2      | Found a basalt altar of Yredelemnul.
  2286 | D:2      | Reached skill level 1 in Conjurations
  2473 | D:2      | Slain by a worker ant

Levels and vault maps discovered:
D:1:      lemuel_arrival_hallway, layout_basic
D:2:      layout_basic, first_ration, chequers_jeans, serial_bayou_lagoon_a,
          dk_yredelemnul_ordeal

Skill      XL: |  1  2  3 |
---------------+----------+-----
Earth Magic    | 4 5 |  5.3
Conjurations   | 1 |  1.3
Dodging        | |  1.5
Stealth        | |  2.1
Spellcasting   | |  2.0
Transmutations | |  0.7

Action                   || total
-------------------------++-------
Melee: Club              ||     4
       Whip              ||    90
 Cast: Sandblast         ||    34
  Use: Scroll            ||     3
 Stab: Sleeping          ||     3
  Eat: Chunk             ||     5
Armor: Robe              ||    44
Dodge: Dodged            ||    75
Block: Buckler           ||     4

Table legend:
 A = Non-vault XP
 B = Vault XP
 C = Vault XP percentage of total XP
 D = Non-vault monster count
 E = Vault monster count
 F = Vault count percentage of total count
                 A         B        C        D         E       F
            +---------+---------+-------+---------+---------+-------
      Total |      77 |       0 |   0.0 |      34 |       0 |   0.0
            +---------+---------+-------+---------+---------+-------
        D:1 |      30 |       0 |   0.0 |      18 |       0 |   0.0
        D:2 |      47 |       0 |   0.0 |      16 |       0 |   0.0
            +---------+---------+-------+---------+---------+-------
